Map: Ever Dream LE

Players

MeomaikA - Winner!

  • Race: Zerg Zerg
  • League: Grandmaster
  • Spawn Location: 7:00

RiSky

  • Race: Zerg Zerg
  • Spawn Location: 1:00

Event: DreamHack SC2 Masters 2020 Fall

VOD

Have the link to the VOD?

Description

Time

  • Played on: Aug. 29, 2020, 5:08 a.m.
  • Length: 4:49

All games in this series

Show
View Real Time Build Order
Export as new Build Order

MeomaikA Zerg - Winner!

Build Orders: Pool First 

Get SALT Encoding   

  12  0:14  Drone, Extractor  
  12  0:24  Spawning Pool  
  11  0:29  Drone  
  11  0:34  Drone  
  13  0:38  Drone  
  14  0:50  Overlord  
  14  1:10  Zergling x2  
  17  1:15  Metabolic Boost  
  17  1:17  Queen  
  17  1:22  Zergling x2  
  19  1:25  Zergling x2  
  19  1:29  Zergling x2  
  20  1:33  Zergling x2  
  21  1:44  Overlord  
  21  1:55  Zergling x2  
  22  2:06  Zergling x2  
  23  2:12  Hatchery  
  22  2:17  Zergling x2  
  23  2:24  Zergling x4  
  23  2:25  Zergling x2  
  26  2:30  Zergling x2  
  27  2:39  Zergling x2  
  28  2:50  Zergling x2  
  27  2:58  Zergling x2  
  27  2:59  Zergling x4  
  27  3:02  Zergling x2  
  27  3:13  Zergling x2  
  27  3:24  Zergling x2  
  27  3:33  Zergling x2  
  26  3:35  Zergling x2  
  26  3:36  Zergling x2  
  26  3:38  Zergling x6  
  31  3:46  Drone  
  31  3:48  Drone  
  31  3:56  Drone  
  31  4:02  Drone  
  30  4:04  Drone  
  30  4:06  Drone x2  
  30  4:07  Drone  
  32  4:10  Drone  
  32  4:14  Unknown  
  32  4:16  Unknown x2  
  33  4:18  Drone  
  33  4:21  Drone  
  35  4:28  Drone  
Show
View Real Time Build Order
Export as new Build Order

RiSky Zerg 

Build Orders: Hatch First 

Get SALT Encoding   

  12  0:00  Drone  
  13  0:12  Overlord  
  13  0:17  Drone  
  14  0:30  Drone x2  
  16  0:47  Hatchery  
  15  0:50  Drone  
  15  0:54  Drone  
  17  0:58  Drone  
  18  1:08  Extractor  
  17  1:13  Spawning Pool  
  17  1:15  Drone  
  17  1:19  Drone  
  18  1:27  Drone  
  19  1:39  Drone  
  20  1:49  Overlord  
  20  1:59  Queen x2  
  20  2:00  Zergling x4  
  26  2:13  Metabolic Boost  
  26  2:14  Drone x2  
  28  2:20  Zergling x2  
  28  2:22  Drone  
  30  2:31  Baneling Nest  
  30  2:32  Drone  
  30  2:33  Drone  
  32  2:44  Zergling x4  
  33  2:52  Zergling x2  
  32  3:00  Zergling x2  
  32  3:04  Zergling x2  
  31  3:10  Zergling x6  
  29  3:14  Zergling x2  
  27  3:24  Zergling x2  
  26  3:30  Baneling  
  26  3:38  Zergling x4  
  28  3:41  Baneling  
  28  3:44  Zergling x2  
  28  3:47  Zergling x2  
  28  3:48  Zergling x2  
  30  3:53  Zergling x2  
  30  3:54  Zergling x2  
  27  4:05  Zergling x2  
  27  4:08  Queen  
  28  4:12  Baneling  
  28  4:14  Zergling x2  
  29  4:29  Hatchery  

Tags
 
Add a new tag
Caveats
  • Supply blocks, unpowered buildings, or Contaminate may cause inaccurate times.
  • Supply counts are checked every 10 seconds.